 Dungeon Crawl Stone Soup version 0.27-a0-1196-g3e9cee4cb2 (webtiles) character file.

Game seed: 4090773478420905076

53 freelancePsychic the Shooter (level 4, -2/34 HPs)
             Began as a Human Hunter on May 29, 2021.
             Slain by a gnoll
             ... wielding a +0 halberd
              (9 damage)
             ... on level 2 of the Dungeon.
             The game lasted 00:04:10 (1744 turns).

freelancePsychic the Shooter (Human Hunter)         Turns: 1744, Time: 00:04:10

Health: -2/34      AC:  5    Str: 13    XL:     4   Next: 11%
Magic:  4/4        EV: 11    Int: 12    God:
Gold:   67         SH:  0    Dex: 13    Spells: 3/3 levels left

rFire    . . .     SeeInvis .   f - +0 dagger (drain)
rCold    . . .     Faith    .   (no shield)
rNeg     . . .     Spirit   .   c - +0 leather armour
rPois    .         Reflect  .   (no helmet)
rElec    .         Harm     .   (no cloak)
rCorr    .         Rampage  .   (no gloves)
Will     +....                  (no boots)
Stlth    +.........             (no amulet)
HPRegen  0.11/turn              (no ring)
MPRegen  0.09/turn              (no ring)

@: no status effects
A: iridescent scales 1, strong-willed 1, subdued magic 2
a: no special abilities


You were on level 2 of the Dungeon.
You visited 1 branch of the dungeon, and saw 2 of its levels.

You collected 67 gold pieces.

Inventory:

Hand Weapons
 a - a +1 shortbow
 b - a +3 dagger
 f - a +0 dagger of draining (weapon)
Missiles
 d - 4 arrows
Armour
 c - a +0 leather armour (worn)
 e - a +3 leather armour
Scrolls
 g - a scroll of enchant weapon {unknown}


   Skills:
 + Level 2.8 Fighting
 + Level 0.0 Short Blades
 - Level 5.0 Bows
 - Level 2.0 Dodging
 - Level 1.0 Stealth


You had 3 spell levels left.
You didn't know any spells.
Your spell library was empty.

Dungeon Overview and Level Annotations

Branches:
Dungeon (2/15)

Altars:

Annotations:
D:2 1 runed translucent door, Crazy Yiuf, Terence


Innate Abilities, Weirdness & Mutations

You are partially covered in iridescent scales. (AC +2)
You are strong-willed. (Will+)
Your spells are easier to cast, but less powerful.


Message History

Terence is heavily wounded.
Terence misses you.
You hit Terence but do no damage. You drain Terence.
Terence is severely wounded.
Terence closely misses you.
You closely miss Terence.
Terence is severely wounded.
Terence barely misses you.
You hit Terence but do no damage.
Terence is severely wounded.
Terence misses you.
You hit Terence but do no damage. You drain Terence.
Terence is almost dead.
Terence hits you with a +0 flail!
* * * LOW HITPOINT WARNING * * *
You hit Terence but do no damage.
Terence is almost dead.
Terence barely misses you.
You completely miss Terence.
Terence is almost dead.
Terence hits you with a +0 flail.
* * * LOW HITPOINT WARNING * * *
Terence screams, "I'm going to kill you!"
Terence barely misses you.
You hit Terence but do no damage.
Terence is almost dead.
Terence hits you but does no damage.
You hit Terence but do no damage.
Terence is almost dead.
Terence misses you.
You barely miss Terence.
Terence is almost dead.
Terence hits you with a +0 flail.
* * * LOW HITPOINT WARNING * * *
Terence seems less drained.
Terence looks scornfully at you.
You see here a jackal skeleton.
A gnoll comes into view. It is wielding a +0 halberd.
The gnoll hits you from afar with a +0 halberd!
You die...

#.# #>..... #.# #....†.
#.# #...... #.# ###..##
#.#######..##
######.##.........
#.)....##.####..#. ##
#.###.....@..#....
.#####
######@###.###<##......
#....# #...g.@..#.#
#.#####.#.
g###.######.####.#.#.#
#.. ..... .# #..g.g...#
#g#.#.# #### #... g#
########## #.g...# #...
.### #.###.# ...# ...#
#####÷# #.# ..# ##g#
######.....# . #g#
#........#.....#


You could see Terence and 3 gnolls.

Vanquished Creatures
  A gnoll (D:2)
  An adder (D:1)
  5 ball pythons
  3 endoplasms
  3 hobgoblins
  2 jackals (D:2)
  2 kobolds (D:1)
  A quokka (D:1)
  2 bats (D:1)
  5 frilled lizards (D:1)
  4 goblins
  6 rats (D:1)
35 creatures vanquished.

Notes
Turn   | Place    | Note
-------+----------+-------------------------------------------
     0 | D:1      | freelancePsychic the Human Hunter began the quest for the
                  | Orb.
     0 | D:1      | Reached XP level 1. HP: 16/16 MP: 1/1
    18 | D:1      | Reached XP level 2. HP: 16/22 MP: 2/2
   209 | D:1      | Found a faded altar of an unknown god.
   526 | D:1      | Reached XP level 3. HP: 28/28 MP: 3/3
  1134 | D:2      | Noticed Terence
  1161 | D:2      | Gained mutation: You are strong-willed. (Will+) [potion of
                  | mutation]
  1161 | D:2      | Gained mutation: Your spells are a little easier to cast,
                  | but a little less powerful. [potion of mutation]
  1161 | D:2      | Gained mutation: Your spells are easier to cast, but less
                  | powerful. [potion of mutation]
  1161 | D:2      | Gained mutation: You are partially covered in iridescent
                  | scales. (AC +2) [potion of mutation]
  1420 | D:2      | Reached skill level 5 in Bows
  1420 | D:2      | Reached XP level 4. HP: 20/34 MP: 4/4
  1626 | D:2      | Found a runed translucent door.
  1627 | D:2      | Noticed Crazy Yiuf
  1744 | D:2      | Slain by a gnoll

Illustrated notes

Levels and vault maps discovered:
D:1:      beargit_arrival_diablo_church, layout_loops_ring,
          ebering_ecumenical_altar_abandoned, kennysheep_another_room
D:2:      layout_loops_cross, basic_altar, uniq_terence, uniq_crazy_yiuf_cottage

Skill      XL: |  1  2  3 |
---------------+----------+-----
Bows           | 5 |  5.0
Fighting       | |  2.8
Dodging        | |  2.0
Stealth        | |  1.0

Action                   |  1- 3 |  4- 6 || total
-------------------------+-------+-------++-------
Melee: Dagger            |    29 |    29 ||    58
 Fire: Shortbow          |    66 |       ||    66
  Use: Scroll            |     2 |       ||     2
       Potion            |     2 |       ||     2
Armor: Leather armour    |    19 |     6 ||    25
Dodge: Dodged            |    44 |    11 ||    55

Table legend: (Time is in decaauts)
 A = Elapsed time spent in this place.
 B = Non-inter-level travel time spent in this place.
 C = Inter-level travel time spent in this place.
 D = Time resting spent in this place.
 E = Time spent auto-exploring this place.
 F = Levels seen in this place.
 G = Mean time per level.
                   A        B        C        D        E       F      G
               +--------+--------+--------+--------+--------+-----+--------+
         Total |   1748 |   1718 |     30 |    269 |   1121 |   2 |  874.0 |
       Dungeon |   1748 |   1718 |     30 |    269 |   1121 |   2 |  874.0 |
               +--------+--------+--------+--------+--------+-----+--------+

Top non-repeatable levels by time:
     D:1: 1195 daAuts
     D:2: 552 daAuts
